 Dungeon Crawl Stone Soup version 0.30.0-5-g1a98f26d00 (webtiles) character file.

Game seed: 15419571798391383800

2813 Farfigtubin the Spear-Bearer (level 9, -2/66 HPs)
             Began as a Gnoll Wanderer on May 9, 2023.
             Was an Initiate of Gozag.
             Killed by divine providence
             ... invoked by an orc priest
              (12 damage)
             ... on level 9 of the Dungeon on May 10, 2023.
             The game lasted 00:59:08 (9706 turns).

Farfigtubin the Spear-Bearer (Gnoll Wanderer)       Turns: 9706, Time: 00:59:08

Health: -2/66      AC: 11    Str: 10    XL:     9   Next: 72%
Magic:  16/16      EV: 22    Int: 16    God:    Gozag
Gold:   371        SH:  6    Dex: 19    Spells: 17/17 levels left

rFire   . . .        J - +2 long sword (freeze)
rCold   . . .        s - +0 buckler
rNeg    . . .        C - +0 chain mail
rPois   .            b - +1 helmet
rElec   .            (no cloak)
rCorr   .            (no gloves)
SInv    .            (no boots)
Will    .....        u - amulet of the acrobat Stlth
                     d - +6 ring of intelligence
HPRegen 0.31/turn    (no ring)
MPRegen 0.15/turn

%: acrobat
@: acrobatic
A: fangs 1, strong nose, distributed training
a: Renounce Religion, Potion Petition, Call Merchant, Bribe Branch


You were on level 9 of the Dungeon.
You worshipped Gozag.
Gozag was aware of your devotion.
You visited 2 branches of the dungeon, and saw 10 of its levels.

You collected 831 gold pieces.
You spent 339 gold pieces at shops.
You paid 121 gold pieces to Gozag.

Inventory:

Hand Weapons
 D - a +1 war axe of venom
 F - a +0 trident
 I - a +1 falchion of electrocution
 J - a +2 long sword of freezing (weapon)
Missiles
 c - 14 poisoned darts
 i - 90 stones (quivered)
 k - a throwing net
 B - 3 javelins
 H - a boomerang
Armour
 b - a +1 helmet (worn)
 f - a +0 plate armour
 s - a +0 buckler (worn)
 C - a +0 chain mail (worn)
Jewellery
 d - a +6 ring of intelligence (left hand)
 q - a ring of positive energy
 u - an amulet of the acrobat (around neck)
 G - a ring of wizardry
Wands
 m - a wand of charming (8)
Scrolls
 a - 3 scrolls of immolation {unknown}
 e - a scroll of amnesia {unknown}
 h - 3 scrolls of identify
 j - 2 scrolls of enchant armour {unknown}
 l - 3 scrolls of teleportation
 n - 2 scrolls of fear
 p - a scroll of enchant weapon {unknown}
 r - a scroll of noise {unknown}
 t - a scroll of torment {unknown}
 y - 3 scrolls of magic mapping
Potions
 g - 3 potions of mutation
 o - 2 potions of attraction
 v - 2 potions of heal wounds
 w - a potion of flight {unknown}
 x - a potion of brilliance {unknown}
 A - 2 potions of cancellation
 E - 3 potions of curing {unknown}


   Skills:
 + Level 4.7 Fighting
 + Level 6.6 Short Blades
 + Level 4.7 Long Blades
 + Level 4.7 Axes
 + Level 4.7 Maces & Flails
 + Level 9.8 Polearms
 + Level 4.7 Staves
 + Level 4.7 Ranged Weapons
 + Level 5.4 Throwing
 + Level 4.7 Armour
 + Level 5.4 Dodging
 + Level 4.7 Stealth
 + Level 4.7 Shields
 + Level 4.7 Unarmed Combat
 + Level 4.7 Spellcasting
 + Level 3.9 Conjurations
 + Level 3.9 Hexes
 + Level 3.9 Summonings
 + Level 3.9 Necromancy
 + Level 3.9 Translocations
 + Level 3.9 Transmutations
 + Level 3.9 Fire Magic
 + Level 3.9 Ice Magic
 + Level 3.9 Air Magic
 + Level 3.9 Earth Magic
 + Level 3.9 Poison Magic
 + Level 5.8 Invocations
 + Level 5.4 Evocations


You had 17 spell levels left.
You didn't know any spells.
Your spell library contained the following spells:

 Spells                   Type           Power      Damage    Failure   Level
 Summon Small Mammal      Summ           64%        N/A       83%         1
 Blink                    Tloc           32%        N/A       92%         2
 Lesser Beckoning         Tloc           32%        N/A       92%         2
 Momentum Strike          Conj/Tloc      32%        3d8       92%         2
 Call Canine Familiar     Summ           16%        N/A       99%         3
 Summon Guardian Golem    Hex/Summ       16%        N/A       99%         3


Dungeon Overview and Level Annotations

Branches:
Dungeon (9/15)             Temple (1/1) D:7
   Lair: D:8-11         Orc: D:9-12

Altars:
Ashenzari
Cheibriados
Dithmenos
Elyvilon
Fedhas
Gozag
Hepliaklqana
Kikubaaqudgha
Makhleb
Nemelex Xobeh
Okawaru
Qazlal
Ru
Sif Muna
Trog
Uskayaw
Vehumet
Wu Jian
Xom
Yredelemnul
Zin
The Shining One

Shops:
D:4 (?   D:5 ?   D:6 (

Annotations:
D:6 Maggie


Innate Abilities, Weirdness & Mutations

You have very sharp teeth.
Your uncanny sense of smell can sniff out nearby items.
Your experience applies equally to all skills.


Message History

You hit the orc priest but do no damage.
You block the orc's attack. The orc priest closely misses you.
You hit the orc priest but do no damage.
The orc hits you with a +0 hand axe.
The orc priest hits you with a +0 flail.
The shadow slips into darkness.
The shadow flickers and vanishes!
Deactivating autopickup; reactivate with Ctrl-A.
You slash the orc priest! You freeze the orc priest.
The orc priest is severely wounded.
You block the orc's attack.
The orc priest hits you with a +0 flail!
You barely miss the orc priest.
The orc priest is severely wounded.
You block the orc's attack. The orc priest barely misses you.
You hit the orc priest but do no damage.
The orc priest is severely wounded.
The orc barely misses you.
The orc priest hits you with a +0 flail.
The orc priest mumbles some strange prayers to Beogh against you.
Beogh smites you! The orc barely misses you.
You barely miss the orc priest.
The orc priest is severely wounded.
You block the orc's attack.
The orc priest hits you but does no damage.
You hit the orc priest but do no damage.
Your bite misses the orc priest.
The orc priest is severely wounded.
You block the orc's attack.
The orc priest hits you with a +0 flail.
* * * LOW HITPOINT WARNING * * *
The orc attacks as you move away! The orc hits you with a +0 hand axe.
* * * LOW HITPOINT WARNING * * *
The orc attacks as you move away! The orc completely misses you.
The orc attacks as you move away! The orc hits you with a +0 hand axe.
* * * LOW HITPOINT WARNING * * *
The orc priest mumbles some strange prayers to Beogh against you.
Beogh smites you!
You die...
Your body crumbles into a pile of gold.

#........o.o...
#..............# ..
##....o...o....##..
#.....#..........<
.....#...##..#....#.#
.... ##.## ###....#.# ...
#$#####..#....# .#
#...#....#...###
...[...#{o.o@.##....###
.......#.............<###
....#.#...#.#...........#
...##.#..#####........###
... ###### ##.......## ..
##...#...# #####...#
#...# #####


You could see an orc priest and an orc.

Vanquished Creatures
  A hornet (D:8)
  A yak (D:6)
  A wyvern (D:8)
  A water moccasin (D:8)
  2 ice beasts
  A sky beast (D:6)
  2 orc warriors (D:8)
  A black bear (D:4)
  A kobold brigand (D:6)
  A bullfrog (D:7)
  3 scorpions
  2 gnoll sergeants (D:7)
  7 wights (D:8)
  A howler monkey (D:9)
  2 jellies
  A gnoll bouda (D:7)
  3 hounds
  2 orc priests
  7 orc wizards
  Ijyb (D:3)
  4 iguanas (D:6)
  6 adders
  12 gnolls
  A shadow imp (D:7)
  2 white imps
  An ufetubus (D:5)
  A dart slug (D:3)
  3 worms
  22 orcs
  5 endoplasms
  2 giant cockroaches
  4 goblins
  3 hobgoblins
  5 quokkas
  3 ball pythons
  3 bats
  5 frilled lizards
  10 kobolds
  3 rats
  A butterfly (D:7)
137 creatures vanquished.

Notes
Turn   | Place    | Note
-------+----------+-------------------------------------------
     0 | D:1      | Farfigtubin the Gnoll Wanderer began the quest for the Orb.
     0 | D:1      | Farfigtubin set off with the following items: a +2 spear, a
                  | +0 short sword, 14 poisoned darts, a +0 dagger, a potion of
                  | invisibility, a +0 leather armour.
     0 | D:1      | Reached XP level 1. HP: 13/13 MP: 2/2
   300 | D:1      | You fall into a shaft and drop 1 floor!
   308 | D:2      | Found a burning altar of Makhleb.
   329 | D:2      | Reached XP level 2. HP: 19/19 MP: 3/3
   642 | D:2      | Reached XP level 3. HP: 25/25 MP: 4/4
   993 | D:1      | Reached skill level 1 in Fighting
   993 | D:1      | Reached skill level 1 in Long Blades
   993 | D:1      | Reached skill level 1 in Axes
   993 | D:1      | Reached skill level 1 in Maces & Flails
   993 | D:1      | Reached skill level 1 in Staves
   993 | D:1      | Reached skill level 1 in Ranged Weapons
   993 | D:1      | Reached skill level 1 in Armour
   993 | D:1      | Reached skill level 1 in Stealth
   993 | D:1      | Reached skill level 1 in Shields
   993 | D:1      | Reached skill level 1 in Unarmed Combat
   993 | D:1      | Reached skill level 1 in Spellcasting
  1479 | D:2      | Reached XP level 4. HP: 32/32 MP: 6/6
  1624 | D:3      | Found a stormy altar of Qazlal.
  1942 | D:3      | Noticed Ijyb
  2031 | D:3      | Reached skill level 1 in Conjurations
  2031 | D:3      | Reached skill level 1 in Hexes
  2031 | D:3      | Reached skill level 1 in Summonings
  2031 | D:3      | Reached skill level 1 in Necromancy
  2031 | D:3      | Reached skill level 1 in Translocations
  2031 | D:3      | Reached skill level 1 in Transmutations
  2031 | D:3      | Reached skill level 1 in Fire Magic
  2031 | D:3      | Reached skill level 1 in Ice Magic
  2031 | D:3      | Reached skill level 1 in Air Magic
  2031 | D:3      | Reached skill level 1 in Earth Magic
  2031 | D:3      | Reached skill level 1 in Poison Magic
  2228 | D:4      | Noticed a black bear
  2272 | D:4      | Killed a black bear
  2273 | D:4      | Reached XP level 5. HP: 9/37 MP: 7/7
  2297 | D:4      | Found Posuiwal's Magic Scroll Shoppe.
  2310 | D:4      | Bought a scroll of fear for 44 gold pieces
  2310 | D:4      | Bought a scroll of teleportation for 33 gold pieces
  2547 | D:4      | Found Raux's Antique Weapon Shoppe.
  3159 | D:4      | Bought a scroll of magic mapping for 82 gold pieces
  3171 | D:5      | Entered Level 5 of the Dungeon
  3257 | D:5      | Found Jion's Magic Scroll Shop.
  3364 | D:5      | Reached XP level 6. HP: 44/44 MP: 8/8
  3593 | D:5      | Reached skill level 5 in Short Blades
  4163 | D:6      | Found Hugequ's Antique Weapon Emporium.
  4261 | D:6      | Noticed Maggie
  4341 | D:6      | Noticed a yak
  4418 | D:6      | Reached XP level 7. HP: 50/51 MP: 10/10
  4880 | D:6      | Reached skill level 9 in Polearms
  5236 | D:6      | Noticed a yak
  5267 | D:6      | Killed a yak
  5268 | D:6      | Reached XP level 8. HP: 18/58 MP: 12/12
  5411 | D:6      | Noticed a yak
  5411 | D:6      | Noticed a yak
  5411 | D:6      | Noticed a yak
  5699 | D:7      | Found a staircase to the Ecumenical Temple.
  5707 | Temple   | Entered the Ecumenical Temple
  5881 | Temple   | Became a worshipper of Gozag Ym Sagoz the Greedy
  6259 | D:7      | Found a shimmering blue altar of Sif Muna.
  7702 | D:8      | Reached skill level 5 in Invocations
  7821 | D:4      | Bought a glowing falchion for 180 gold pieces
  7926 | D:3      | Killed Ijyb
  8094 | D:8      | Noticed a hornet
  8118 | D:7      | Reached XP level 9. HP: 65/65 MP: 14/14
  8307 | D:8      | Reached skill level 5 in Throwing
  8307 | D:8      | Reached skill level 5 in Dodging
  8307 | D:8      | Reached skill level 5 in Evocations
  9285 | D:8      | Killed a hornet
  9706 | D:9      | Killed from afar by an orc priest

Illustrated notes

Levels and vault maps discovered:
D:1:      onia_arrival_mini_spirals, layout_basic
D:2:      layout_basic, basic_altar
D:3:      layout_rooms, mainiacjoe_overflow_boulevard,
          kennysheep_decorative_pillar, interstate_on_off, serial_bayou_pond_d,
          corexii_hall_statues_i, uniq_ijyb
D:4:      layout_basic, serial_forest, infiniplex_forest_lined_4_way,
          infiniplex_forest_zigzag_2, infiniplex_forest_corner_2,
          infiniplex_forest_clump_small, serial_shops,
          nicolae_shop_just_a_little_nook, shop, minmay_misc_feat_more_columns
D:5:      layout_basic, serial_shops, nicolae_shop_rolling_square,
          minmay_misc_feat_tiny
D:6:      layout_loops_ring, serial_shops, shop, lexackson_kobold_supper,
          uniq_maggie
D:7:      layout_basic, lemuel_blue_sif_altar, minmay_temple_entry_butterflies
D:8:      layout_loops_corners, hangedman_decor_diamond_cutter, grunt_decor_cap
D:9:      layout_cave_pools, hangedman_fish_farm
Temple:   nicolae_temple_slightly_damp_pantheon

Skill      XL: |  1  2  3  4  5  6  7  8  9 |
---------------+----------------------------+-----
Fighting       | 1 2 3 4 |  4.7
Long Blades    | 1 2 3 4 |  4.7
Axes           | 1 2 3 4 |  4.7
Maces & Flails | 1 2 3 4 |  4.7
Staves         | 1 2 3 4 |  4.7
Ranged Weapons | 1 2 3 4 |  4.7
Armour         | 1 2 3 4 |  4.7
Stealth        | 1 2 3 4 |  4.7
Shields        | 1 2 3 4 |  4.7
Unarmed Combat | 1 2 3 4 |  4.7
Spellcasting   | 1 2 3 4 |  4.7
Conjurations   | 1 2 3 |  3.9
Hexes          | 1 2 3 |  3.9
Summonings     | 1 2 3 |  3.9
Necromancy     | 1 2 3 |  3.9
Translocations | 1 2 3 |  3.9
Transmutations | 1 2 3 |  3.9
Fire Magic     | 1 2 3 |  3.9
Ice Magic      | 1 2 3 |  3.9
Air Magic      | 1 2 3 |  3.9
Earth Magic    | 1 2 3 |  3.9
Poison Magic   | 1 2 3 |  3.9
Throwing       | 3 4 5 |  5.4
Dodging        | 3 4 5 |  5.4
Invocations    | 3 4 5 |  5.8
Evocations     | 3 4 5 |  5.4
Short Blades   | 5 6 |  6.6
Polearms       | 9 |  9.8

Action                     |  1- 3 |  4- 6 |  7- 9 || total
---------------------------+-------+-------+-------++-------
  Melee: Spear             |    74 |   179 |       ||   253
         Bite              |     4 |    19 |    33 ||    56
         Trident           |       |    11 |   293 ||   304
         Falchion          |       |       |    63 ||    63
         Long sword        |       |       |    75 ||    75
  Throw: Dart              |       |    17 |    50 ||    67
         Throwing net      |       |     2 |     5 ||     7
         Javelin           |       |       |     8 ||     8
    Use: Potion            |       |     2 |     2 ||     4
         Scroll            |       |     2 |     2 ||     4
   Stab: Sleeping          |     3 |     4 |     3 ||    10
         Invisible         |       |     1 |       ||     1
         Held in net/web   |       |     1 |     2 ||     3
         Distracted        |       |       |     1 ||     1
 Armour: Leather armour    |     7 |    15 |    31 ||    53
         Chain mail        |       |       |    52 ||    52
  Dodge: Dodged            |    20 |    58 |   136 ||   214
  Block: Buckler           |       |    18 |    82 ||   100
